 Dungeon Crawl Stone Soup version 0.19-a0-1895-g783e625 (console) character file.

223 utis the Vexing (level 6, -7/47 HPs)
             Began as a Human Arcane Marksman on Oct 18, 2016.
             Mangled by an iguana (9 damage)
             ... on level 3 of the Dungeon.
             The game lasted 00:17:39 (5568 turns).

utis the Vexing (Human Arcane Marksman)             Turns: 5568, Time: 00:17:40

Health: -7/47      AC:  6    Str: 18    XL:     6   Next: 20%
Magic:  2/7        EV: 12    Int: 13    God:
Gold:   116        SH:  0    Dex: 13    Spells: 2 memorised, 4 levels left

rFire  . . .     SeeInvis .     a - +0 short sword
rCold  . . .     Gourm    .     s - +1 ring mail {MR+}
rNeg   . . .     Faith    .     (no shield)
rPois  .         Spirit   .     (no helmet)
rElec  .         Reflect  .     (no cloak)
rCorr  .         Harm     .     (no gloves)
MR     +....                    (no boots)
Stlth  +.........               (no amulet)
                                (no ring)
                                (no ring)

@: mighty, very slightly contaminated
A: no striking features
a: no special abilities


You were on level 3 of the Dungeon.
You were not hungry.

You visited 1 branch of the dungeon, and saw 4 of its levels.

You collected 116 gold pieces.

Inventory:

Hand Weapons
 a - a +0 short sword (weapon)
 b - a +0 hunting sling
 c - a +0 blowgun {@w1}
 h - a +0 whip
 q - a +0 shortbow
Missiles
 d - 16 arrows
 g - 25 sling bullets
 l - 40 poisoned needles
 o - 73 stones (quivered)
 x - a throwing net {=f}
Armour
 e - a +0 robe
 k - a +0 leather armour
 s - a +1 ring mail of magic resistance (worn)
 t - a +0 scale mail
 F - a cursed +0 buckler
Wands
 y - a wand of lightning (7/15)
Scrolls
 i - a scroll of immolation
 v - a scroll of fog {unknown}
 A - a scroll of amnesia {unknown}
 B - a scroll of remove curse {@r2}
Potions
 m - a potion of mutation {!q}
 p - a potion of heal wounds {unknown}
 r - a potion of curing {unknown}
 u - a potion of flight {unknown}
 D - a potion of cure mutation {unknown}
Books
 E - a book of Debilitation

   Spells                             Type                      Level
   a - Corona                         Hexes                        1
   b - Slow                           Hexes                        2
   c - Gell's Gravitas                Hexes/Translocation          3
   d - Inner Flame                    Hexes/Fire                   3
   e - Cause Fear                     Hexes                        4
   f - Leda's Liquefaction            Hexes/Earth                  4
Comestibles
 f - 4 bread rations {@e1}
 j - 4 meat rations {@e1}
 w - a beef jerky {@e2}
 z - a royal jelly {@e3}
 C - a slice of pizza {@e2}
 G - 3 chunks of flesh


   Skills:
 + Level 3.2 Fighting
 + Level 2.8 Short Blades
 - Level 2.0 Bows
 + Level 3.0 Dodging
 - Level 1.0 Spellcasting
 - Level 4.0 Hexes


You had 4 spell levels left.
You knew the following spells:

 Your Spells              Type           Power        Failure   Level  Hunger
a - Corona                Hex            ##.....      12%         1    ##.....
w - Slow                  Hex            ##......     17%         2    ###....


Dungeon Overview and Level Annotations

Branches:
Dungeon (4/15)
 Temple: D:4-7

Altars:


Message History

The iguana bites you.
* * * LOW HITPOINT WARNING * * *
You barely miss the iguana.
The iguana is moderately wounded.
The iguana bites you!
* * * LOW HITPOINT WARNING * * *
It was a potion of might.
You feel very mighty all of a sudden. The iguana closely misses you.
You hit the iguana.
The iguana is heavily wounded.
The iguana bites you.
* * * LOW HITPOINT WARNING * * *
You hit the iguana.
The iguana is almost dead.
The iguana closely misses you.
You hit the iguana.
The iguana is almost dead.
The iguana bites you!
You die...

...░.░.░.░[.░░░░░░ ░░.░
░.░
.................░░░..░
░.░░
.░.......░.>.........░░
░..░
...........░░░░░.░░░░░
░░.░ .░.....░.░.░ ░.░
░.░ ...........░ ░.░
░.░ .░...░.░.░.░ ░.░
░.░ ........░..░░ ░.░
░.░ .░.░.░.░.░..░ ░p░
░.░ ............░
░l░░░░░░░░░.░
░░..░░░░░.░.░
░...........░ ░░.░░
░....░ ░.░░░░░░░░░░░
░..░ ░░.░.░░ ░.░ ░.░░
░....░ ░.░ ░.░ ░.░.░░
░.░░░ ░.░ ░...░ ░...░
..░ ░..░░ ░.░.░


You could see an iguana.

Vanquished Creatures
  An orc priest (D:3)
  Ijyb (D:2)
  An orc wizard (D:3)
  A worker ant (D:4)
  2 adders
  A shadow imp (D:3)
  An ooze (D:2)
  4 dart slugs
  2 leopard geckos
  3 orcs (D:3)
  A ball python (D:1)
  8 bats
  5 giant cockroaches
  8 goblins
  14 hobgoblins
  10 kobolds
  2 quokkas
  4 frilled lizards
  13 rats
82 creatures vanquished.

Notes
Turn   | Place    | Note
-------+----------+-------------------------------------------
     0 | D:1      | utis the Human Arcane Marksman began the quest for the Orb.
     0 | D:1      | Reached XP level 1. HP: 15/15 MP: 2/2
   245 | D:1      | Reached XP level 2. HP: 22/22 MP: 1/3
   270 | D:1      | Learned a level 2 spell: Slow
   761 | D:1      | Reached skill level 1 in Short Blades
  1010 | D:1      | Reached XP level 3. HP: 25/27 MP: 1/4
  2319 | D:2      | Reached XP level 4. HP: 34/34 MP: 3/5
  2716 | D:2      | Noticed Ijyb
  2752 | D:2      | Killed Ijyb
  3280 | D:2      | Reached XP level 5. HP: 39/39 MP: 4/6
  3582 | D:3      | Reached skill level 4 in Hexes
  4762 | D:3      | Reached XP level 6. HP: 22/47 MP: 5/7
  5566 | D:3      | HP: 2/47 [iguana (1)]
  5568 | D:3      | Mangled by an iguana

Vault maps used:
D:1:      onia_arrival_mini_spirals
D:2:      uniq_iyjb
D:3:      first_bread, hangedman_decor_riveting, grunt_ministairs_3
D:4:      nicolae_dithmenos_the_darkroom, uniq_sigmund

Skill      XL: |  1  2  3  4  5  6 |
---------------+-------------------+-----
Fighting       | 2 3 |  3.2
Short Blades   | 1 2 |  2.8
Hexes          | 4 |  4.0
Dodging        | 3 |  3.0
Bows           | |  2.0
Spellcasting   | |  1.0

Action                   |  1- 3 |  4- 6 || total
-------------------------+-------+-------++-------
Melee: Short sword       |   132 |   158 ||   290
 Fire: Shortbow          |     6 |    19 ||    25
       Hunting sling     |     1 |    17 ||    18
       Blowgun           |       |    10 ||    10
Throw: Stone             |     4 |     1 ||     5
 Cast: Corona            |    63 |    53 ||   116
       Slow              |       |     3 ||     3
  Use: Scroll            |       |     3 ||     3
       Potion            |       |     1 ||     1
  Eat: Chunk             |     7 |     9 ||    16
       Meat ration       |       |     1 ||     1
Armor: Leather armour    |    27 |       ||    27
       Robe              |     2 |       ||     2
       Ring mail         |       |    54 ||    54
Dodge: Dodged            |    65 |    99 ||   164
